 Dungeon Crawl Stone Soup version bcrawl-1.12.2 (webtiles) character file.

Game seed: 7941142375516321953

425 Ebbett the Shield-Bearer (level 6, -4/53 HPs)
             Began as a Gnoll Fighter on July 22, 2019.
             Killed by divine providence
             ... invoked by an orc priest
              (10 damage)
             ... on level 4 of the Dungeon.
             The game lasted 00:05:35 (2158 turns).

Ebbett the Shield-Bearer (Gnoll Fighter)            Turns: 2158, Time: 00:05:36

Health: -4/53      AC: 10    Str: 20    XL:     6   Next: 96%
Magic:  18/18      EV:  7    Int: 11    God:
Gold:   127        SH: 11    Dex: 14    Spells: 9/9 levels left

rFire    . . .     SeeInvis .   a - +0 flail
rCold    . . .     Gourm    .   c - +0 shield
rNeg     . . .     Faith    .   v - +0 chain mail
rPois    .         Spirit   .   (no helmet)
rElec    .         Reflect  .   (no cloak)
rCorr    .         Harm     .   (no gloves)
MR       .....                  (no boots)
Stlth    ..........             (no amulet)
HPRegen  0.17/turn              u - ring of magical power
MPRegen  0.16/turn              (no ring)

@: no status effects
A: distributed training, fangs 1, strong nose
a: no special abilities


You were on level 4 of the Dungeon.
You were not hungry.

You visited 1 branch of the dungeon, and saw 4 of its levels.

You collected 127 gold pieces.

Inventory:

Hand Weapons
 a - a +0 flail (weapon)
 l - a +0 falchion
Armour
 b - a +0 scale mail
 c - a +0 shield (worn)
 v - a +0 chain mail (worn)
Jewellery
 u - a ring of magical power (left hand)
 x - an uncursed ring of ice {unknown}
Scrolls
 e - 2 scrolls of magic mapping {unknown}
 g - 2 scrolls of enchant weapon {unknown}
 j - 2 scrolls of teleportation {unknown}
 k - a scroll of enchant armour {unknown}
 m - 3 scrolls of identify {unknown}
 o - 2 scrolls of remove curse {unknown}
 r - a scroll of noise {unknown}
 s - a scroll of amnesia {unknown}
Potions
 d - a potion of might
 h - a potion of degeneration {unknown}
 i - 4 potions of flight {unknown}
 n - a potion of lignification {unknown}
 p - a potion of haste {unknown}
 q - a potion of agility {unknown}
 t - a potion of mutation {unknown}
Comestibles
 f - 7 rations {!d}
 w - a chunk of flesh


   Skills:
 + Level 6.9 Fighting
 + Level 2.1 Short Blades
 + Level 2.1 Long Blades
 + Level 2.1 Axes
 + Level 5.0 Maces & Flails
 + Level 2.1 Polearms
 + Level 2.1 Staves
 + Level 2.1 Slings
 + Level 2.1 Bows
 + Level 2.1 Crossbows
 + Level 2.1 Throwing
 + Level 6.9 Armour
 + Level 2.1 Dodging
 + Level 2.1 Stealth
 + Level 6.9 Shields
 + Level 2.1 Unarmed Combat
 + Level 2.1 Spellcasting
 + Level 1.7 Conjurations
 + Level 1.7 Hexes
 + Level 1.7 Charms
 + Level 1.7 Summonings
 + Level 1.7 Necromancy
 + Level 1.7 Translocations
 + Level 1.7 Transmutations
 + Level 1.7 Fire Magic
 + Level 1.7 Ice Magic
 + Level 1.7 Air Magic
 + Level 1.7 Earth Magic
 + Level 1.7 Poison Magic
 + Level 2.3 Invocations
 + Level 2.1 Evocations


You had 9 spell levels left.
You didn't know any spells.
Your spell library was empty.

Dungeon Overview and Level Annotations

Branches:
Dungeon (4/12)
 Temple: D:4-7

Altars:


Innate Abilities, Weirdness & Mutations

Your experience applies equally to all skills.
You have very sharp teeth.
Your uncanny sense of smell can sniff out nearby items.


Message History

There is an open door here.
You open the door.
There is an open door here.
x - a knobbly gilded ring You open the door. 3 jackals, 2 orcs and 2 orc priests come into view.
The jackal barks! x3; The orc priest shouts!
The orc shouts!
The orc priest shouts!
You hear a bark!
You hear a shout!
A jackal comes into view.
The orc priest moves out of view.
Found an escape hatch in the floor.
The orc priest invokes the aid of Beogh against you.
Beogh smites you!
The orc priest invokes the aid of Beogh against you.
Beogh smites you!
* * * LOW HITPOINT WARNING * * *
There is an open door here.
The orc priest mumbles some strange prayers to Beogh against you.
Beogh smites you!
You die...

####### #.....# . #.....#
##.. #### #.....# .....
...#######.....#######o.....
...'...........'@oh.ooh.....
...#######.....####.##h.....
...# #.....# #.# ..... ...#
##########.# ....
##########.......##.# ...
.........'.......##.# >.
##########.......##.# .
........)'.......##.#
...#######..[....#


You could see 2 orc priests, 2 orcs and 3 jackals.

Vanquished Creatures
  A sky beast (D:4)
  A centaur zombie (D:4)
  An orc priest (D:3)
  An orc wizard (D:3)
  2 worker ants (D:4)
  Robin (D:4)
  4 gnolls (D:3)
  4 adders
  2 oozes (D:2)
  5 worms
  A dart slug (D:2)
  2 leopard geckos
  12 orcs
  2 giant cockroaches
  10 goblins
  6 hobgoblins
  2 jackals (D:2)
  7 kobolds
  4 quokkas
  7 bats
  2 frilled lizards (D:2)
  7 rats
84 creatures vanquished.

Notes
Turn   | Place    | Note
-------+----------+-------------------------------------------
     0 | D:1      | Ebbett the Gnoll Fighter began the quest for the Orb.
     0 | D:1      | Reached XP level 1. HP: 23/23 MP: 1/1
   134 | D:1      | Reached XP level 2. HP: 29/29 MP: 2/2
   462 | D:2      | Reached XP level 3. HP: 35/35 MP: 3/3
   545 | D:2      | Reached skill level 1 in Invocations
   653 | D:2      | Reached skill level 1 in Short Blades
   653 | D:2      | Reached skill level 1 in Long Blades
   653 | D:2      | Reached skill level 1 in Axes
   653 | D:2      | Reached skill level 1 in Polearms
   653 | D:2      | Reached skill level 1 in Staves
   653 | D:2      | Reached skill level 1 in Slings
   653 | D:2      | Reached skill level 1 in Bows
   653 | D:2      | Reached skill level 1 in Crossbows
   653 | D:2      | Reached skill level 1 in Throwing
   653 | D:2      | Reached skill level 1 in Dodging
   653 | D:2      | Reached skill level 1 in Stealth
   653 | D:2      | Reached skill level 1 in Unarmed Combat
   653 | D:2      | Reached skill level 1 in Spellcasting
   653 | D:2      | Reached skill level 1 in Evocations
   715 | D:2      | Reached XP level 4. HP: 30/41 MP: 5/5
  1281 | D:3      | Reached skill level 1 in Conjurations
  1281 | D:3      | Reached skill level 1 in Hexes
  1281 | D:3      | Reached skill level 1 in Charms
  1281 | D:3      | Reached skill level 1 in Summonings
  1281 | D:3      | Reached skill level 1 in Necromancy
  1281 | D:3      | Reached skill level 1 in Translocations
  1281 | D:3      | Reached skill level 1 in Transmutations
  1281 | D:3      | Reached skill level 1 in Fire Magic
  1281 | D:3      | Reached skill level 1 in Ice Magic
  1281 | D:3      | Reached skill level 1 in Air Magic
  1281 | D:3      | Reached skill level 1 in Earth Magic
  1281 | D:3      | Reached skill level 1 in Poison Magic
  1355 | D:3      | Reached XP level 5. HP: 33/47 MP: 6/6
  1736 | D:3      | Reached XP level 6. HP: 20/53 MP: 8/8
  1960 | D:4      | Noticed Robin
  1967 | D:4      | Killed Robin
  1978 | D:4      | Noticed a sky beast
  2006 | D:4      | Killed a sky beast
  2006 | D:4      | Reached skill level 5 in Maces & Flails
  2158 | D:4      | Killed from afar by an orc priest

Skill      XL: |  1  2  3  4  5  6 |
---------------+-------------------+-----
Invocations    | 1 2 |  2.3
Short Blades   | 1 2 |  2.1
Long Blades    | 1 2 |  2.1
Axes           | 1 2 |  2.1
Polearms       | 1 2 |  2.1
Staves         | 1 2 |  2.1
Slings         | 1 2 |  2.1
Bows           | 1 2 |  2.1
Crossbows      | 1 2 |  2.1
Throwing       | 1 2 |  2.1
Dodging        | 1 2 |  2.1
Stealth        | 1 2 |  2.1
Unarmed Combat | 1 2 |  2.1
Spellcasting   | 1 2 |  2.1
Evocations     | 1 2 |  2.1
Conjurations   | 1 |  1.7
Hexes          | 1 |  1.7
Charms         | 1 |  1.7
Summonings     | 1 |  1.7
Necromancy     | 1 |  1.7
Translocations | 1 |  1.7
Transmutations | 1 |  1.7
Fire Magic     | 1 |  1.7
Ice Magic      | 1 |  1.7
Air Magic      | 1 |  1.7
Earth Magic    | 1 |  1.7
Poison Magic   | 1 |  1.7
Maces & Flails | 5 |  5.0
Fighting       | |  6.9
Armour         | |  6.9
Shields        | |  6.9

Action                   |  1- 3 |  4- 6 || total
-------------------------+-------+-------++-------
Melee: Flail             |   106 |   190 ||   296
       Bite              |     9 |    17 ||    26
  Eat: Chunk             |       |     5 ||     5
Armor: Scale mail        |    48 |    50 ||    98
Dodge: Dodged            |    32 |    64 ||    96
Block: Shield            |    76 |   127 ||   203
